PA
NEBRASKA PLAINSMEN @ COLUMBIA RIVER RATS
07/25/2027
 
TOP OF THE 1ST
Nebraska Plainsmen batting - Pitching for Columbia River Rats : RHP Manuel Sánchez
Pitching: RHP Manuel Sánchez
Batting: RHB Hamilton Swan 0-0: Ball
1-0: Ball
2-0: Called Strike
2-1: Ball
3-1: Base on Balls
Batting: LHB Gilberto Moreno 0-0: Ground out 5-3 (Groundball, 25)
Hamilton Swan to second
Batting: LHB Lance Antle 0-0: Ball
1-0: Foul Ball, location: 2F
1-1: SINGLE (Groundball, 34S) (infield hit)
Hamilton Swan to third
Batting: SHB Keyveat Postell 0-0: Ball
1-0: Foul Ball, location: 2F
1-1: Called Strike
1-2: Strikes out swinging
Batting: LHB Pedro García 0-0: Foul Ball, location: 2F
0-1: Swinging Strike
0-2: Strikes out swinging
Top of the 1st over - 0 run(s), 1 hit(s), 0 error(s), 2 left on base; Nebraska 0 - Columbia 0
BOTTOM OF THE 1ST
Columbia River Rats batting - Pitching for Nebraska Plainsmen : RHP Gabriel Escobar
Pitching: RHP Gabriel Escobar
Batting: RHB Víctor Hernández 0-0: Ball
1-0: Swinging Strike
1-1: Called Strike
1-2: Foul Ball, location: 2F
1-2: Strikes out swinging
Batting: RHB Mario Jacome 0-0: Ball
1-0: Ball
2-0: Called Strike
2-1: Reached on error, E5 (Groundball, 56)
Batting: RHB Marcos Rico 0-0: Ball
1-0: Ball
2-0: Called Strike
2-1: Ball
3-1: Base on Balls
Batting: RHB Dan Parkinson 0-0: Swinging Strike
0-1: Called Strike
0-2: Foul Ball, location: 2F
0-2: Strikes out looking
Batting: SHB Robert Hillier 0-0: SINGLE (Groundball, 34S) (infield hit)
Mario Jacome to third
Marcos Rico to second
Batting: RHB Paco Muñóz 0-0: Ball
1-0: Called Strike
1-1: Ball
2-1: Foul Ball, location: 2F
2-2: Ball
3-2: Ground out 1-3 (Groundball, 13)
Bottom of the 1st over - 0 run(s), 1 hit(s), 1 error(s), 3 left on base; Nebraska 0 - Columbia 0
TOP OF THE 2ND
Nebraska Plainsmen batting - Pitching for Columbia River Rats : RHP Manuel Sánchez
Batting: RHB Harith Karim 0-0: Ball
1-0: Called Strike
1-1: Called Strike
1-2: Ball
2-2: Strikes out swinging
Batting: SHB José Ángel 0-0: Ball
1-0: Ground out 3-1 (Groundball, 34)
Batting: SHB Bill Bambridge 0-0: Ball
1-0: Ball
2-0: Ball
3-0: Called Strike
3-1: Foul Ball, location: 2F
3-2: Strikes out swinging
Top of the 2nd over - 0 run(s), 0 hit(s), 0 error(s), 0 left on base; Nebraska 0 - Columbia 0
BOTTOM OF THE 2ND
Columbia River Rats batting - Pitching for Nebraska Plainsmen : RHP Gabriel Escobar
Batting: RHB Richard Blackburn 0-0: Ball
1-0: Ball
2-0: Ball
3-0: Swinging Strike
3-1: Base on Balls
Batting: RHB Fernando Arévalo 0-0: Ball
1-0: Called Strike
1-1: Ball
2-1: Ball
3-1: Base on Balls
Richard Blackburn to second
Batting: RHB Miguel Delgado 0-0: Ball
1-0: SINGLE (Groundball, 4MD)
Richard Blackburn to third
Fernando Arévalo to second
Runner from 3rd tries for Home, SAFE, no throw
Batting: RHB Víctor Hernández 0-0: Ball
Wild Pitch!
Fernando Arévalo to third
Miguel Delgado to second
1-0: Ball
2-0: Ball
3-0: Called Strike
3-1: Foul Ball, location: 2F
3-2: Base on Balls
Batting: RHB Mario Jacome 0-0: Called Strike
0-1: Ball
1-1: Called Strike
1-2: DOUBLE (Line Drive, 78D)
Fernando Arévalo scores
Miguel Delgado scores
Víctor Hernández to third
Batting: RHB Marcos Rico 0-0: Ball
1-0: Ball
2-0: Ball
3-0: Base on Balls
Batting: RHB Dan Parkinson 0-0: Ball
1-0: Fly out, F8 (Line Drive, 8LD)
Runner from 3rd tags up, SCORES, no throw
Mario Jacome to third
Batting: SHB Robert Hillier 0-0: Ball
1-0: Ball
2-0: Called Strike
2-1: Called Strike
2-2: Ball
3-2: Foul Ball, location: 2F
3-2: Base on Balls
Marcos Rico to second
Batting: RHB Paco Muñóz 0-0: Called Strike
0-1: Foul Ball, location: 2F
0-2: Ball
1-2: Foul Ball, location: 2F
1-2: Ball
Passed Ball!
Mario Jacome scores
Marcos Rico to third
Robert Hillier to second
2-2: Ball
3-2: Fly out, F8 (Flyball, 8LM)
Batting: RHB Richard Blackburn 0-0: Ball
1-0: Ground out 5-3 (Groundball, 56)
Bottom of the 2nd over - 5 run(s), 2 hit(s), 0 error(s), 2 left on base; Nebraska 0 - Columbia 5
TOP OF THE 3RD
Nebraska Plainsmen batting - Pitching for Columbia River Rats : RHP Manuel Sánchez
Batting: LHB Michael Cochran 0-0: Foul Ball, location: 2F
0-1: Ground out U3 (Groundball, 23)
Batting: RHB Hamilton Swan 0-0: Called Strike
0-1: Foul Ball, location: 2F
0-2: Strikes out swinging
Batting: LHB Gilberto Moreno 0-0: Ball
1-0: Ground out 1-3 (Groundball, 13)
Top of the 3rd over - 0 run(s), 0 hit(s), 0 error(s), 0 left on base; Nebraska 0 - Columbia 5
BOTTOM OF THE 3RD
Columbia River Rats batting - Pitching for Nebraska Plainsmen : RHP Gabriel Escobar
Batting: RHB Fernando Arévalo 0-0: Called Strike
0-1: Fly out, F7 (Flyball, 78M)
Batting: RHB Miguel Delgado 0-0: Called Strike
0-1: Ball
1-1: Ball
2-1: SINGLE (Groundball, 34D)
Batting: RHB Víctor Hernández 0-0: Called Strike
0-1: Ball
1-1: Foul Ball, location: 2F
1-2: Ball
2-2: Foul Ball, location: 2F
2-2: Ball
3-2: Foul Ball, location: 2F
3-2: Base on Balls
Miguel Delgado to second
Batting: RHB Mario Jacome 0-0: Ball
1-0: Called Strike
1-1: Foul Ball, location: 2F
1-2: Reached on error, E6 (Groundball, 56)
Miguel Delgado to third
Víctor Hernández to second
Batting: RHB Marcos Rico 0-0: Called Strike
0-1: Ball
1-1: Called Strike
1-2: SINGLE (Groundball, 34D)
Miguel Delgado scores
Víctor Hernández to third
Mario Jacome to second
Batting: RHB Dan Parkinson 0-0: Ball
1-0: Ball
2-0: Ball
3-0: Base on Balls
Víctor Hernández scores
Mario Jacome to third
Marcos Rico to second
Batting: SHB Robert Hillier 0-0: Ball
1-0: Ball
2-0: Ball
3-0: Base on Balls
Mario Jacome scores
Marcos Rico to third
Dan Parkinson to second
Pitching: RHP António Fernández
Batting: RHB Paco Muñóz 0-0: Ball
1-0: Foul Ball, location: 2F
1-1: Ball
2-1: Grounds into double play, 5-4-3 (Groundball, 56)
Bottom of the 3rd over - 3 run(s), 2 hit(s), 1 error(s), 2 left on base; Nebraska 0 - Columbia 8
TOP OF THE 4TH
Nebraska Plainsmen batting - Pitching for Columbia River Rats : RHP Manuel Sánchez
Batting: LHB Lance Antle 0-0: Fly out, F4 (Popup, 34D)
Batting: SHB Keyveat Postell 0-0: Called Strike
0-1: Fly out, F7 (Flyball, 7)
Batting: LHB Pedro García 0-0: Ball
1-0: Foul Ball, location: 2F
1-1: Ground out 4-3 (Groundball, 34D)
Top of the 4th over - 0 run(s), 0 hit(s), 0 error(s), 0 left on base; Nebraska 0 - Columbia 8
BOTTOM OF THE 4TH
Columbia River Rats batting - Pitching for Nebraska Plainsmen : RHP António Fernández
Batting: RHB Richard Blackburn 0-0: Foul Ball, location: 2F
0-1: Ball
1-1: Ground out 6-3 (Groundball, 6M)
Batting: RHB Fernando Arévalo 0-0: Ground out 5-3 (Groundball, 5)
Batting: RHB Miguel Delgado 0-0: Foul Ball, location: 2F
0-1: Foul Ball, location: 2F
0-2: Foul Ball, location: 2F
0-2: Ball
1-2: Foul Ball, location: 2F
1-2: Ball
2-2: Foul Ball, location: 2F
2-2: Foul Ball, location: 2F
2-2: Ground out 6-3 (Groundball, 6S)
Bottom of the 4th over - 0 run(s), 0 hit(s), 0 error(s), 0 left on base; Nebraska 0 - Columbia 8
TOP OF THE 5TH
Nebraska Plainsmen batting - Pitching for Columbia River Rats : RHP Manuel Sánchez
Batting: RHB Harith Karim 0-0: Ball
1-0: Ball
2-0: Foul Ball, location: 2F
2-1: Foul Ball, location: 2F
2-2: Foul Ball, location: 2F
2-2: Strikes out swinging
Batting: SHB José Ángel 0-0: Fly out, F7 (Line Drive, 7)
Batting: SHB Bill Bambridge 0-0: Ball
1-0: Swinging Strike
1-1: Called Strike
1-2: Strikes out swinging
Top of the 5th over - 0 run(s), 0 hit(s), 0 error(s), 0 left on base; Nebraska 0 - Columbia 8
BOTTOM OF THE 5TH
Columbia River Rats batting - Pitching for Nebraska Plainsmen : RHP António Fernández
Batting: RHB Víctor Hernández 0-0: Foul Ball, location: 2F
0-1: Ball
1-1: Ball
2-1: Ball
3-1: Swinging Strike
3-2: Foul Ball, location: 2F
3-2: Fly out, F6 (Line Drive, 6M)
Batting: RHB Mario Jacome 0-0: Foul Ball, location: 2F
0-1: Foul Ball, location: 2F
0-2: Foul Ball, location: 2F
0-2: Ball
1-2: Ball
2-2: Foul Ball, location: 2F
2-2: Foul Ball, location: 2F
2-2: Foul Ball, location: 2F
2-2: Ball
3-2: Ground out 5-3 (Groundball, 5)
Batting: RHB Marcos Rico 0-0: Foul Ball, location: 2F
0-1: Ball
1-1: Ball
2-1: SOLO HOME RUN (Flyball, 8LXD), Distance : 430 ft
Batting: RHB Dan Parkinson 0-0: Called Strike
0-1: Called Strike
0-2: Foul Ball, location: 2F
0-2: Strikes out swinging
Bottom of the 5th over - 1 run(s), 1 hit(s), 0 error(s), 0 left on base; Nebraska 0 - Columbia 9
TOP OF THE 6TH
Nebraska Plainsmen batting - Pitching for Columbia River Rats : RHP Manuel Sánchez
Batting: LHB Michael Cochran 0-0: Ball
1-0: Fly out, F8 (Line Drive, 8LM)
Batting: RHB Hamilton Swan 0-0: Ball
1-0: Swinging Strike
1-1: Foul Ball, location: 2F
1-2: Foul Ball, location: 2F
1-2: Foul Ball, location: 2F
1-2: Foul Ball, location: 2F
1-2: Foul Ball, location: 2F
1-2: Foul Ball, location: 2F
1-2: Foul Ball, location: 2F
1-2: Strikes out swinging
Batting: LHB Gilberto Moreno 0-0: SINGLE (Groundball, 6MD)
Batting: LHB Lance Antle 0-0: Called Strike
0-1: Ball
1-1: Swinging Strike
1-2: 2-RUN HOME RUN (Line Drive, 8RXD), Distance : 438 ft
Batting: SHB Keyveat Postell 0-0: Called Strike
0-1: Foul Ball, location: 2F
0-2: Ball
1-2: Strikes out looking
Top of the 6th over - 2 run(s), 2 hit(s), 0 error(s), 0 left on base; Nebraska 2 - Columbia 9
BOTTOM OF THE 6TH
Columbia River Rats batting - Pitching for Nebraska Plainsmen : RHP António Fernández
Batting: SHB Robert Hillier 0-0: Foul Ball, location: 2F
0-1: Called Strike
0-2: Ball
1-2: Ball
2-2: Strikes out swinging
Batting: RHB Paco Muñóz 0-0: Ball
1-0: SINGLE (Groundball, 56D)
Batting: RHB Richard Blackburn 0-0: Ground out 5-3 (Groundball, 56S)
Paco Muñóz to second
Batting: RHB Fernando Arévalo 0-0: Ball
1-0: Foul Ball, location: 2F
1-1: Ground out 3-1 (Groundball, 34)
Bottom of the 6th over - 0 run(s), 1 hit(s), 0 error(s), 1 left on base; Nebraska 2 - Columbia 9
TOP OF THE 7TH
Nebraska Plainsmen batting - Pitching for Columbia River Rats : RHP Manuel Sánchez
Batting: LHB Pedro García 0-0: Called Strike
0-1: Ball
1-1: Ball
2-1: Foul Ball, location: 2F
2-2: Strikes out looking
Batting: RHB Harith Karim 0-0: Foul Ball, location: 2F
0-1: Swinging Strike
0-2: Ball
1-2: Fly out, F5 (Popup, 5D)
Batting: SHB José Ángel 0-0: Ball
1-0: Swinging Strike
1-1: Ball
2-1: Ball
3-1: Foul Ball, location: 2F
3-2: Fly out, F7 (Flyball, 7)
Top of the 7th over - 0 run(s), 0 hit(s), 0 error(s), 0 left on base; Nebraska 2 - Columbia 9
BOTTOM OF THE 7TH
Columbia River Rats batting - Pitching for Nebraska Plainsmen : RHP António Fernández
Batting: RHB Miguel Delgado 0-0: Swinging Strike
0-1: Ball
1-1: Called Strike
1-2: Foul Ball, location: 2F
1-2: Ball
2-2: Foul Ball, location: 2F
2-2: Fly out, F7 (Line Drive, 78M)
Batting: RHB Víctor Hernández 0-0: Ball
1-0: Ground out 6-3 (Groundball, 6)
Batting: RHB Mario Jacome 0-0: Ball
1-0: Ball
2-0: Ball
3-0: Called Strike
3-1: Called Strike
3-2: Foul Ball, location: 2F
3-2: Base on Balls
Batting: RHB Marcos Rico 0-0: Ball
Mario Jacome is caught stealing 2nd base
Bottom of the 7th over - 0 run(s), 0 hit(s), 0 error(s), 0 left on base; Nebraska 2 - Columbia 9
TOP OF THE 8TH
Nebraska Plainsmen batting - Pitching for Columbia River Rats : RHP Manuel Sánchez
Now at SS: Gil Simmons
Now in CF: Yves Girard
Batting: SHB Bill Bambridge 0-0: Ball
1-0: Called Strike
1-1: Swinging Strike
1-2: Ball
2-2: Foul Ball, location: 2F
2-2: Strikes out looking
Batting: LHB Michael Cochran 0-0: Swinging Strike
0-1: Called Strike
0-2: Ball
1-2: Ball
2-2: Foul Ball, location: 2F
2-2: Foul Ball, location: 2F
2-2: Ball
3-2: Strikes out looking
Batting: RHB Hamilton Swan 0-0: Ball
1-0: Ball
2-0: SINGLE (Line Drive, 89S)
Pitching: RHP Sergio Puente
Batting: LHB Gilberto Moreno 0-0: Foul Ball, location: 2F
0-1: Ball
1-1: Ball
2-1: Ball
3-1: Swinging Strike
3-2: Fly out, F8 (Line Drive, 8RM)
Top of the 8th over - 0 run(s), 1 hit(s), 0 error(s), 1 left on base; Nebraska 2 - Columbia 9
BOTTOM OF THE 8TH
Columbia River Rats batting - Pitching for Nebraska Plainsmen : RHP António Fernández
Batting: RHB Marcos Rico 0-0: SINGLE (Line Drive, 7S)
Batting: RHB Dan Parkinson 0-0: Ball
1-0: Ball
Wild Pitch!
Marcos Rico to second
2-0: Called Strike
2-1: Swinging Strike
2-2: Ball
3-2: SINGLE (Groundball, 4MD)
Marcos Rico to third
Batting: SHB Robert Hillier 0-0: Ball
1-0: Ball
2-0: Swinging Strike
2-1: Called Strike
2-2: Foul Ball, location: 2F
2-2: Ball
3-2: SINGLE (Groundball, 4MD)
Marcos Rico scores
Dan Parkinson to second
Batting: RHB Paco Muñóz 0-0: Called Strike
0-1: Foul Ball, location: 2F
0-2: SINGLE (Groundball, 4MD)
Dan Parkinson to third
Robert Hillier to second
Batting: RHB Richard Blackburn 0-0: Called Strike
0-1: Swinging Strike
0-2: Ball
1-2: Foul Ball, location: 2F
1-2: Ball
2-2: Ball
3-2: Strikes out swinging
Batting: RHB Fernando Arévalo 0-0: Called Strike
0-1: Called Strike
0-2: Fly out, F5 (Popup, 5D)
Batting: RHB Miguel Delgado 0-0: Fly out, F5 (Line Drive, 5L)
Bottom of the 8th over - 1 run(s), 4 hit(s), 0 error(s), 3 left on base; Nebraska 2 - Columbia 10
TOP OF THE 9TH
Nebraska Plainsmen batting - Pitching for Columbia River Rats : RHP Sergio Puente
Batting: LHB Lance Antle 0-0: Fly out, F6 (Popup, 56)
Batting: SHB Keyveat Postell 0-0: Foul Ball, location: 2F
0-1: Ball
1-1: Swinging Strike
1-2: Strikes out looking
Batting: LHB Pedro García 0-0: Ball
1-0: Foul Ball, location: 2F
1-1: Ball
2-1: Ball
3-1: Fly out, F5 (Popup, 6S)
Top of the 9th over - 0 run(s), 0 hit(s), 0 error(s), 0 left on base; Nebraska 2 - Columbia 10
Saturday, May 26th, 2018 - OOTP Baseball 17.12 Build 75